[Event "Titled Tuesday Blitz April 19 Late 2022"]
[White "Winkels, Marcel"]
[Black "Pourkashiyan, Atousa"]
[WhiteFideId "1003887"]
[BlackFideId "12502014"]
[WhiteElo "1900"]
[BlackElo "2247"]
[Result "1/2-1/2"]
[Round "06"]
[TimeControl "180+1"]
[Date "2022.04.19"]
[WhiteClock "0:00:13"]
[BlackClock "0:00:20"]

1. d4 Nf6 2. Nc3 e6 3. e4 d5 4. Bg5 dxe4 5. Nxe4 Be7 6. Bxf6 Bxf6 7. Nf3 Nd7 8. g3 Be7 9. Bg2 O-O 10. O-O c5 11. dxc5 Nxc5 12. Nxc5 Bxc5 13. c3 Bd7 14. Qb3 Bc6 15. Rad1 Qf6 16. Nd2 Bxg2 17. Kxg2 Bb6 18. Nc4 h5 19. h4 g5 20. hxg5 Qxg5 21. Nxb6 axb6 22. Rd4 Rfd8 23. Rfd1 Rxd4 24. Rxd4 b5 25. a3 Rc8 26. Qd1 Rc4 27. Rxc4 bxc4 28. Qd4 b5 29. a4 bxa4 30. Qxc4 Qa5 31. Qd4 Qa8+ 32. Kh2 Qf3 33. c4 e5 34. Qe3 Qf6 35. c5 h4 36. Kg2 hxg3 37. Qxg3+ Kf8 38. Qf3 Qxf3+ 39. Kxf3 f5 40. Ke3 Ke7 41. Kd3 Kd7 42. Kc4 Kc6 43. f3 f4 44. b4 axb3 45. Kxb3 Kxc5 46. Kc3 Kd5 47. Kd3 Ke6 48. Ke4 Kf6 49. Kd3 Kf5 50. Ke2 e4 51. fxe4+ Kxe4 52. Kf2 f3 53. Kf1 Kf4 54. Kf2 Kg4 55. Kf1 Kg3 56. Kg1 Kf4 57. Kf2 Ke4 58. Kf1 Ke3 59. Ke1 Kd3 60. Kf2 Ke4 1/2-1/2


[Site "https://www.chess.com"]

[Event "Titled Tuesday Blitz April 19 Late 2022"]
[White "Wu, Derek"]
[Black "Adewumi, Tanitoluwa"]
[WhiteFideId "30914558"]
[BlackFideId "30966396"]
[WhiteElo "2678"]
[BlackElo "2530"]
[Result "0-1"]
[Round "06"]
[TimeControl "180+1"]
[Date "2022.04.19"]
[WhiteClock "0:00:10"]
[BlackClock "0:00:09"]

1. Nf3 d5 2. c4 d4 3. e3 Nc6 4. b4 dxe3 5. fxe3 Nxb4 6. d4 e5 7. a3 Nc6 8. d5 e4 9. Nd4 Ne5 10. Nc3 Nf6 11. Be2 Bc5 12. O-O O-O 13. Bb2 Bg4 14. Rxf6 Qxf6 15. Bxg4 Nxc4 16. Nxe4 Qe5 17. Nxc5 Qxe3+ 18. Kh1 Nxb2 19. Qg1 Qe5 20. Nd7 Qxd5 21. Nxf8 Rxf8 22. Bf3 Qd6 23. Rb1 Nd3 24. Rd1 Nf4 25. Bxb7 Rd8 26. Bf3 Qf6 27. Nc6 Re8 28. Qxa7 Nd3 29. Qg1 Nf4 30. Re1 Rf8 31. Qd4 Qg5 32. Ne7+ Kh8 33. g3 Ne6 34. Qe5 Qxe7 35. Be4 h6 36. Qf5 g6 37. Qe5+ Kh7 38. h4 Qxa3 39. h5 Qd6 40. Qf6 Ng5 41. Bxg6+ fxg6 42. Re7+ Qxe7 43. Qxe7+ Rf7 44. hxg6+ Kxg6 45. Qe5 c6 46. Qd6+ Rf6 47. Qd8 Re6 48. Qg8+ Kf5 49. Qc8 Kg4 50. Qf8 Re1+ 51. Kg2 Re2+ 52. Kf1 Re6 53. Qf4+ Kh5 54. Qh4+ Kg6 55. Qf4 Rf6 56. Kg2 Rxf4 57. gxf4 Ne6 58. Kf3 Kf5 59. Kg3 Nxf4 0-1


[Site "https://www.chess.com"]

[Event "Titled Tuesday Blitz April 19 Late 2022"]
[White "Yedidia, Daniel"]
[Black "Indjic, Aleksandar"]
[WhiteFideId "30905907"]
[BlackFideId "911925"]
[WhiteElo "2621"]
[BlackElo "2616"]
[Result "0-1"]
[Round "06"]
[TimeControl "180+1"]
[Date "2022.04.19"]
[WhiteClock "0:00:18"]
[BlackClock "0:01:48"]

1. d4 Nf6 2. c4 c5 3. d5 e6 4. Nc3 exd5 5. cxd5 d6 6. e4 g6 7. f4 Bg7 8. Bb5+ Nfd7 9. a4 Na6 10. Nf3 Nb4 11. O-O a6 12. Bc4 Nb6 13. Be2 Bg4 14. Be3 Bxf3 15. Rxf3 O-O 16. a5 Nd7 17. Rc1 Qxa5 18. Qe1 Rfe8 19. Qh4 Qd8 20. Qg3 Nf6 21. e5 Nfxd5 22. Bf2 dxe5 23. fxe5 Bxe5 24. Qg4 h5 25. Qc4 b5 26. Qxc5 Rc8 27. Nxd5 Rxc5 28. Rxc5 Nxd5 29. Rd3 Qf6 30. Rcxd5 Bxh2+ 31. Kxh2 Qxf2 32. Bf3 h4 33. Rd1 Qg3+ 34. Kg1 h3 35. R5d3 Kg7 36. Bc6 Re1+ 37. Rxe1 Qxe1+ 38. Kh2 hxg2 39. Bxg2 Qe5+ 40. Kg1 Qxb2 0-1


[Site "https://www.chess.com"]

[Event "Titled Tuesday Blitz April 19 Late 2022"]
[White "Zhao, Jun"]
[Black "Bashirli, Nail"]
[WhiteFideId "8602522"]
[BlackFideId "13406809"]
[WhiteElo "2547"]
[BlackElo "2333"]
[Result "1-0"]
[Round "06"]
[TimeControl "180+1"]
[Date "2022.04.19"]
[WhiteClock "0:00:46"]
[BlackClock "0:00:17"]

1. d4 Nf6 2. Bf4 e6 3. e3 b6 4. Nf3 Bb7 5. Be2 g6 6. O-O Bg7 7. h3 O-O 8. c3 d6 9. a4 a6 10. Bh2 Nbd7 11. Nbd2 Qe7 12. Qb3 Rab8 13. Qa3 Rfd8 14. Rfe1 Ne4 15. Nxe4 Bxe4 16. Bxa6 Bxf3 17. gxf3 e5 18. Bf1 Qh4 19. b4 Nf6 20. a5 bxa5 21. bxa5 e4 22. f4 g5 23. a6 gxf4 24. a7 fxe3 25. axb8=Q exf2+ 26. Kh1 Rxb8 27. Re3 Nd5 28. Rg3 e3 29. Qa8 Qe4+ 30. Bg2 f1=Q+ 31. Rxf1 Qxg2+ 32. Rxg2 Rxa8 33. Rfg1 Nxc3 34. Rxg7+ Kh8 35. Rxf7 Ne4 36. Re1 Nf2+ 37. Kg2 Ra2 38. Kf3 Nxh3 39. Bf4 Kg8 40. Rf5 Kg7 41. Bxe3 Kg6 42. Rf8 Ra3 43. Ke4 c6 44. Rf3 d5+ 45. Ke5 Ng5 46. Rg3 h6 47. Reg1 1-0


[Site "https://www.chess.com"]

[Event "Titled Tuesday Blitz April 19 Late 2022"]
[White "Zherebtsova, Alexandra"]
[Black "Vusatiuk, Vladimir"]
[WhiteFideId "24129518"]
[BlackFideId "14118610"]
[WhiteElo "2025"]
[BlackElo "2157"]
[Result "1-0"]
[Round "06"]
[TimeControl "180+1"]
[Date "2022.04.19"]
[WhiteClock "0:00:37"]
[BlackClock "0:00:04"]

1. d4 Nf6 2. Nf3 e6 3. c4 Bb4+ 4. Nbd2 d5 5. a3 Be7 6. b4 a5 7. b5 dxc4 8. Nxc4 b6 9. e3 Bb7 10. Be2 O-O 11. O-O Nbd7 12. Bb2 c6 13. bxc6 Bxc6 14. Nce5 Nxe5 15. Nxe5 Bd5 16. Rc1 Rc8 17. Qa4 Ne4 18. Nc6 Qd6 19. Nxe7+ Qxe7 20. f3 Nd2 21. Rfd1 Bb3 22. Qb5 Bxd1 23. Rxd1 Rc2 24. Bd3 Rfc8 25. Bxc2 Rxc2 26. Bc1 Qh4 27. Qe8# 1-0


[Site "https://www.chess.com"]

[Event "Titled Tuesday Blitz April 19 Late 2022"]
[White "Zhou, Qiyu"]
[Black "Koc, Przemyslaw"]
[WhiteFideId "505161"]
[BlackFideId "1109081"]
[WhiteElo "1925"]
[BlackElo "2141"]
[Result "0-1"]
[Round "06"]
[TimeControl "180+1"]
[Date "2022.04.19"]
[WhiteClock "0:00:01"]
[BlackClock "0:02:01"]

1. e4 c5 2. Nf3 Nf6 3. Nc3 d5 4. exd5 Nxd5 5. d3 Nc6 6. Be2 e5 7. O-O Be7 8. Be3 Be6 9. Qd2 f6 10. Nxd5 Qxd5 11. c3 Rd8 12. Qc2 Bf5 13. Rfd1 O-O 14. Ne1 Qd7 15. Qd2 Kh8 16. Nf3 Qc7 17. Qe1 Rd7 18. d4 cxd4 19. cxd4 e4 20. Nh4 Be6 21. g3 g5 22. Ng2 Bd5 23. a3 a5 24. Rdc1 Qd6 25. Qd2 h6 26. Bb5 Kh7 27. Bxc6 bxc6 28. Qxa5 Rb7 29. b4 f5 30. Qc5 Qe6 31. Qc2 Bd6 32. Re1 Kg8 33. Bd2 Qg6 34. a4 f4 35. a5 Qh5 36. a6 Ra7 37. Qc3 e3 38. fxe3 Qf3 0-1


[Site "https://www.chess.com"]

[Event "Titled Tuesday Blitz April 19 Late 2022"]
[White "Zlatin, Alexander"]
[Black "Koziorowicz, Michal"]
[WhiteFideId "2810549"]
[BlackFideId "21809194"]
[WhiteElo "2465"]
[BlackElo "2645"]
[Result "1-0"]
[Round "06"]
[TimeControl "180+1"]
[Date "2022.04.19"]
[WhiteClock "0:00:21"]
[BlackClock "0:00:16"]

1. c4 Na6 2. Nc3 g5 3. d4 h6 4. h4 gxh4 5. Nf3 Bg7 6. e4 c5 7. d5 d6 8. Nxh4 Nf6 9. Be2 Nc7 10. Bf4 Bd7 11. g4 Qc8 12. Nf5 Bxf5 13. gxf5 Qd7 14. Rg1 Bf8 15. Qd2 O-O-O 16. O-O-O h5 17. Kb1 Kb8 18. f3 Ka8 19. Bf1 h4 20. Bh3 b5 21. e5 Nh5 22. Bh2 f6 23. exd6 exd6 24. cxb5 Nxb5 25. Nxb5 Qxb5 26. Bf1 Qb7 27. a4 Bh6 28. Qa5 Qb6 29. Qc3 a6 30. a5 Qb7 31. Qc4 Ka7 32. Bxd6 Be3 33. Bxc5+ Bxc5 34. Qxc5+ Ka8 35. d6 Nf4 36. Qd4 Rb8 37. Rd2 Rhe8 38. Bc4 Qa7 39. Qxa7+ Kxa7 40. Rg4 Nh5 41. Rxh4 Ng3 42. Be6 Nf1 43. Rd3 Rb5 44. Rh7+ Rb7 45. Rxb7+ Kxb7 46. d7 Rd8 47. Rc3 Nd2+ 48. Kc2 Nxf3 49. Rxf3 Kc7 50. Rc3+ Kd6 51. Rc8 Ke7 52. Rxd8 Kxd8 53. Kc3 Kc7 54. Kc4 Kd8 55. Kc5 Ke7 56. Kb6 Kd8 57. Kxa6 Kc7 58. Ka7 Kd8 59. Kb7 Ke7 60. Kc7 Kf8 61. d8=Q+ Kg7 62. Qg8+ Kh6 63. Qg6# 1-0


[Site "https://www.chess.com"]

[Event "Titled Tuesday Blitz April 19 Late 2022"]
[White "Zor, Alber Kadir"]
[Black "Avramidou, Anastasia"]
[WhiteFideId "6353169"]
[BlackFideId "4239873"]
[WhiteElo "1966"]
[BlackElo "2183"]
[Result "0-1"]
[Round "06"]
[TimeControl "180+1"]
[Date "2022.04.19"]
[WhiteClock "0:00:11"]
[BlackClock "0:00:13"]

1. e4 g6 2. d4 Bg7 3. Nc3 c6 4. f4 d5 5. e5 Nh6 6. Nf3 O-O 7. Bd3 f6 8. O-O Bg4 9. Ne2 Bxf3 10. Rxf3 fxe5 11. fxe5 Rxf3 12. gxf3 Qd7 13. Qf1 Nf5 14. Qg2 Na6 15. c3 Rf8 16. f4 Nc7 17. Bd2 Ne6 18. Bxf5 Rxf5 19. Ng3 Rf8 20. Rf1 Nc7 21. f5 gxf5 22. Nh5 Rf7 23. Bh6 Ne8 24. Nf4 e6 25. Kh1 Kf8 26. Bg5 Bh8 27. Rg1 Qc8 28. Nh5 Qc7 29. Nf6 Nxf6 30. Bxf6 Ke8 31. Bxh8 Kd7 32. Bf6 Qc8 33. Qg8 c5 34. Qxc8+ Kxc8 35. Rg7 Rxg7 36. Bxg7 Kd7 37. Kg2 Kc6 38. Kf3 Kb5 39. Bf8 Kc4 40. dxc5 Kd3 41. c6 bxc6 42. Bb4 Kc2 43. b3 Kb2 44. a4 Kxb3 45. Bc5 a6 46. a5 Kxc3 47. Ke3 Kc4 48. Bd4 c5 49. Ba1 d4+ 50. Kd2 Kd5 51. Kd3 c4+ 52. Kd2 Kxe5 53. Kc2 Kd5 54. Kd2 e5 55. Ke2 e4 56. Kd2 c3+ 57. Ke2 Kc4 58. Kd1 Kb3 59. Bxc3 Kxc3 60. Kc1 Kb4 0-1


[Site "https://www.chess.com"]

[Event "Titled Tuesday Blitz April 19 Late 2022"]
[White "Adewumi, Tanitoluwa"]
[Black "Bordi, Kevin"]
[WhiteFideId "30966396"]
[BlackFideId "621862"]
[WhiteElo "2541"]
[BlackElo "2721"]
[Result "1-0"]
[Round "07"]
[TimeControl "180+1"]
[Date "2022.04.19"]
[WhiteClock "0:01:41"]
[BlackClock "0:01:52"]

1. e4 d5 2. exd5 Qxd5 3. Nc3 Qa5 4. d4 Nf6 5. Nf3 c6 6. Ne5 Be6 7. Nc4 Bxc4 8. Bxc4 e6 9. O-O Bd6 10. Re1 O-O 11. Ne4 Nxe4 12. Rxe4 Nd7 13. c3 Nf6 14. Rh4 Rad8 15. Bd3 Be7 16. Qf3 c5 17. Bg5 Rfe8 18. Qh3 cxd4 19. Rxh7 Kf8 20. Rh8+ Ng8 21. Rxg8+ Kxg8 22. Qh7+ Kf8 23. Qh8# 1-0


[Site "https://www.chess.com"]

[Event "Titled Tuesday Blitz April 19 Late 2022"]
[White "Ahmadzada, Ahmad"]
[Black "Alekseenko, Kirill"]
[WhiteFideId "13413007"]
[BlackFideId "4135539"]
[WhiteElo "2228"]
[BlackElo "2682"]
[Result "0-1"]
[Round "07"]
[TimeControl "180+1"]
[Date "2022.04.19"]
[WhiteClock "0:00:01"]
[BlackClock "0:01:09"]

1. Nf3 d5 2. g3 Nd7 3. Bg2 e5 4. d3 Ngf6 5. O-O Bc5 6. d4 exd4 7. Nxd4 O-O 8. Nc3 c6 9. e4 dxe4 10. Nb3 Bb6 11. Nxe4 Nxe4 12. Bxe4 Nf6 13. Bg2 Bf5 14. c3 Re8 15. Bg5 Qxd1 16. Raxd1 Ne4 17. Bc1 Bg4 18. Rde1 Nxf2 19. Rxe8+ Rxe8 20. Nd4 Nd3 21. Bd2 Nxb2 22. Bf4 Na4 23. h3 Nxc3 24. hxg4 Bxd4+ 25. Kh2 h6 26. Rc1 g5 27. Bd2 Ne4 0-1


[Site "https://www.chess.com"]

[Event "Titled Tuesday Blitz April 19 Late 2022"]
[White "Aigner, Michael"]
[Black "Bilan, Danila"]
[WhiteFideId "2017288"]
[BlackFideId "24161918"]
[WhiteElo "2414"]
[BlackElo "2164"]
[Result "1/2-1/2"]
[Round "07"]
[TimeControl "180+1"]
[Date "2022.04.19"]
[WhiteClock "0:01:41"]
[BlackClock "0:00:22"]

1. e4 c6 2. Nc3 d5 3. d4 dxe4 4. Nxe4 Bf5 5. Ng3 Bg6 6. h4 h6 7. Nf3 Nd7 8. h5 Bh7 9. Bd3 Bxd3 10. Qxd3 Qc7 11. Bd2 e6 12. O-O-O Bd6 13. Ne4 Ngf6 14. Kb1 O-O-O 15. c4 Bf4 16. Bc3 Ne5 17. Qe2 Nxe4 18. Nxe5 Nxc3+ 19. bxc3 Bxe5 20. Qxe5 Qxe5 21. dxe5 Kc7 22. Kc2 Kb6 23. Rd4 c5 24. Rdd1 Kc6 25. f4 Kc7 26. g4 Rxd1 27. Rxd1 Rd8 28. Rxd8 Kxd8 29. a4 Kc7 30. Kb3 Kb6 31. Ka3 Kc6 32. Kb3 Kb6 33. Ka3 Ka5 34. Kb3 Kb6 1/2-1/2


[Site "https://www.chess.com"]

[Event "Titled Tuesday Blitz April 19 Late 2022"]
[White "Antonova, Nadezhda"]
[Black "Mirza, Diana"]
[WhiteFideId "14700182"]
[BlackFideId "2503999"]
[WhiteElo "1789"]
[BlackElo "1813"]
[Result "1-0"]
[Round "07"]
[TimeControl "180+1"]
[Date "2022.04.19"]
[WhiteClock "0:02:25"]
[BlackClock "0:01:53"]

1. Nf3 g6 2. d4 Bg7 3. g3 d6 4. Bg2 c5 5. dxc5 dxc5 6. Qxd8+ Kxd8 7. O-O Nc6 8. c3 Bg4 9. Rd1+ Kc7 10. Na3 a6 11. h3 Bxf3 12. Bxf3 Nf6 13. Be3 b6 14. Nc4 Rad8 15. Bxc6 Kxc6 16. Ne5+ Kc7 17. Nxf7 Rxd1+ 18. Rxd1 Rf8 19. Ng5 Kb7 20. Ne6 Rf7 21. Nd8+ 1-0


[Site "https://www.chess.com"]

[Event "Titled Tuesday Blitz April 19 Late 2022"]
[White "Ardila, Oscar Humberto"]
[Black "Jaskolka, Tomasz"]
[WhiteFideId "4404742"]
[BlackFideId "1170791"]
[WhiteElo "1983"]
[BlackElo "2073"]
[Result "0-1"]
[Round "07"]
[TimeControl "180+1"]
[Date "2022.04.19"]
[WhiteClock "0:00:18"]
[BlackClock "0:00:07"]

1. d4 Nf6 2. c4 c5 3. d5 b5 4. Qc2 d6 5. e4 g6 6. h3 a6 7. Nf3 Bg7 8. Bd3 O-O 9. O-O Nbd7 10. Bf4 Ne8 11. Re1 Bb7 12. Nbd2 Qc7 13. cxb5 axb5 14. Bxb5 Ba6 15. Bc6 Rb8 16. Rab1 Rb6 17. b3 Rxc6 18. dxc6 Qxc6 19. e5 d5 20. Rbc1 Nc7 21. Nd4 Qa8 22. N4f3 Ne6 23. Bg3 Rc8 24. Red1 Qb7 25. Re1 Qa8 26. h4 Bb7 27. Qb1 Ba6 28. a4 Qb7 29. Qb2 h5 30. Qa2 Qb4 31. Qc2 Nf4 32. Bxf4 Qxf4 33. e6 Ne5 34. exf7+ Kxf7 35. Nxe5+ Bxe5 36. Nf3 Bd6 37. Qd2 Qxd2 38. Nxd2 e5 39. Nf3 Ke6 40. Ng5+ Kf5 41. Rcd1 d4 42. Ne4 Be7 43. f3 Bxh4 44. g3 Be7 45. Kg2 c4 46. bxc4 Rxc4 47. Rc1 Rxa4 48. Rc7 Ke6 49. Rc6+ Kf5 50. Rc7 Ra2+ 51. Kh3 Ke6 52. Rec1 Bb5 53. Rb7 Ba6 54. Rb6+ Kf5 55. Nd6+ Bxd6 56. Rxd6 Be2 57. g4+ hxg4+ 58. fxg4+ Bxg4+ 59. Kg3 Ra3+ 60. Kf2 Ke4 61. Re1+ Re3 62. Rxe3+ dxe3+ 63. Ke1 Bf5 64. Rd7 Bxd7 0-1


[Site "https://www.chess.com"]

[Event "Titled Tuesday Blitz April 19 Late 2022"]
[White "Arnold, Ken"]
[Black "Ansh M Shah"]
[WhiteFideId "2056836"]
[BlackFideId "25033379"]
[WhiteElo "2120"]
[BlackElo "1819"]
[Result "1-0"]
[Round "07"]
[TimeControl "180+1"]
[Date "2022.04.19"]
[WhiteClock "0:00:50"]
[BlackClock "0:00:10"]

1. d4 Nf6 2. c4 g6 3. Nf3 Bg7 4. Bf4 O-O 5. e3 c5 6. Nc3 cxd4 7. Nxd4 d5 8. Be2 Nc6 9. Nxc6 bxc6 10. O-O e6 11. c5 a5 12. Bd6 Re8 13. Qa4 Bd7 14. Rfd1 e5 15. Rac1 Bf8 16. Bxf8 Kxf8 17. Qa3 Kg7 18. Na4 Qe7 19. Nb6 Ra7 20. b4 Be6 21. b5 cxb5 22. Bxb5 Rb8 23. Qc3 Bd7 24. Bxd7 Nxd7 25. Nxd5 Qe6 26. c6 Nf6 27. c7 Rc8 28. Nxf6 Qxf6 29. Rd7 Qe6 30. Qc6 Kf6 31. Rd6 Rcxc7 32. Rxe6+ fxe6 33. Qxc7 Rxc7 34. Rxc7 1-0


[Site "https://www.chess.com"]

[Event "Titled Tuesday Blitz April 19 Late 2022"]
[White "Aroesti, Roee"]
[Black "Kaasen, Tor Fredrik"]
[WhiteFideId "2817144"]
[BlackFideId "1516647"]
[WhiteElo "2068"]
[BlackElo "2335"]
[Result "1-0"]
[Round "07"]
[TimeControl "180+1"]
[Date "2022.04.19"]
[WhiteClock "0:00:02"]
[BlackClock "0:00:02"]

1. e4 e5 2. Nf3 Nc6 3. Bc4 Nf6 4. d3 Bc5 5. c3 d6 6. a4 a5 7. Bg5 h6 8. Bh4 g5 9. Bg3 O-O 10. O-O Nh7 11. d4 Bb6 12. dxe5 g4 13. Nh4 Nxe5 14. Bxe5 Qxh4 15. Bg3 Qg5 16. Nd2 h5 17. Kh1 Kh8 18. f4 Qh6 19. f5 Be3 20. Nb3 h4 21. Be1 Nf6 22. Qd3 Bd7 23. Bd2 Bxd2 24. Nxd2 Bc6 25. Rae1 Rae8 26. Bb5 Bxb5 27. axb5 b6 28. Qd4 Kh7 29. Re2 Nh5 30. Qe3 Qf6 31. Qd4 Qh6 32. Qe3 Qf6 33. Qd4 Re5 34. Nc4 Rxb5 35. e5 dxe5 36. Qxg4 Qh6 37. Qxh4 f6 38. Rd1 Rg8 39. Ne3 Nf4 40. Rd7+ Rg7 41. Rxg7+ Kxg7 42. Qg4+ Kh7 43. Rd2 Nh5 44. Rd7+ Ng7 45. h3 Rxb2 46. Nd5 a4 47. Rf7 1-0


[Site "https://www.chess.com"]

[Event "Titled Tuesday Blitz April 19 Late 2022"]
[White "Avramidou, Anastasia"]
[Black "Siddharth, Jagadeesh"]
[WhiteFideId "4239873"]
[BlackFideId "5818320"]
[WhiteElo "2183"]
[BlackElo "2127"]
[Result "1-0"]
[Round "07"]
[TimeControl "180+1"]
[Date "2022.04.19"]
[WhiteClock "0:01:38"]
[BlackClock "0:02:00"]

1. c4 e6 2. Nc3 d5 3. d4 Nf6 4. Bg5 Be7 5. e3 h6 6. Bh4 dxc4 7. Bxc4 c5 8. Nf3 cxd4 9. Qxd4 Qxd4 10. Nxd4 a6 11. Be2 b5 12. Bf3 Ra7 13. Rc1 Bb7 14. Bxb7 Rxb7 15. Bxf6 Bxf6 16. Ne4 Ke7 17. Nxf6 Kxf6 18. Ke2 Rd8 19. Rc2 Rbd7 20. Rhc1 g6 21. Rc7 Ke7 22. Rxd7+ Rxd7 23. Rc8 Rd8 24. Rxb8 1-0


[Site "https://www.chess.com"]

[Event "Titled Tuesday Blitz April 19 Late 2022"]
[White "Bachmann, Axel"]
[Black "Fernandez Hernandez, Gerardo"]
[WhiteFideId "3700488"]
[BlackFideId "2207400"]
[WhiteElo "2587"]
[BlackElo "2152"]
[Result "0-1"]
[Round "07"]
[TimeControl "180+1"]
[Date "2022.04.19"]
[WhiteClock "0:00:09"]
[BlackClock "0:00:16"]

1. d4 Nf6 2. g3 g6 3. Bg2 Bg7 4. e4 d6 5. Ne2 O-O 6. O-O Nbd7 7. Nbc3 e5 8. h3 exd4 9. Nxd4 Re8 10. Re1 Nc5 11. Bf4 Nh5 12. Be3 Nf6 13. Bf4 Nh5 14. Be3 Nf6 15. f3 Nh5 16. Nce2 d5 17. g4 dxe4 18. f4 Nf6 19. Ng3 Qe7 20. c4 Nd3 21. Re2 Bxg4 22. hxg4 Nxg4 23. Bxe4 Nc5 24. Re1 Nxe3 25. Rxe3 Rad8 26. Nc2 Rxd1+ 27. Rxd1 Nxe4 28. Rxe4 Qc5+ 29. Kg2 Rxe4 30. Nxe4 Qc6 31. Rd5 Bxb2 32. Ne3 b5 33. Kf3 bxc4 34. Rc5 Qb7 35. Rxc4 f5 36. Ke2 fxe4 37. Ng4 Qb5 38. Ne3 Bc1 39. Kd1 Bxe3 40. Rxe4 Qd5+ 41. Kc2 Qxe4+ 42. Kb3 Bxf4 43. Kb2 g5 44. Kc3 g4 45. a4 g3 46. a5 g2 47. a6 g1=Q 48. Kb3 Qge3+ 49. Ka2 Qg2+ 50. Kb1 Qeg1# 0-1


[Site "https://www.chess.com"]

[Event "Titled Tuesday Blitz April 19 Late 2022"]
[White "Barria Zuniga, Daniel"]
[Black "Zherebtsova, Alexandra"]
[WhiteFideId "3400816"]
[BlackFideId "24129518"]
[WhiteElo "2414"]
[BlackElo "2025"]
[Result "1-0"]
[Round "07"]
[TimeControl "180+1"]
[Date "2022.04.19"]
[WhiteClock "0:00:28"]
[BlackClock "0:00:02"]

1. c4 e5 2. g3 f5 3. Bg2 Nf6 4. Nc3 g6 5. Nh3 Nc6 6. Rb1 a5 7. a3 Bg7 8. b4 axb4 9. axb4 d6 10. O-O O-O 11. d3 h6 12. Kh1 g5 13. b5 Ne7 14. f4 exf4 15. gxf4 g4 16. Nf2 Qe8 17. e3 Qh5 18. Bd2 Qh4 19. Ne2 Nh5 20. Be1 Qf6 21. Bc3 Qh4 22. Bxg7 Kxg7 23. Ra1 Rxa1 24. Qxa1+ Rf6 25. Qa5 b6 26. Qa7 g3 27. Nh3 gxh2 28. Qxc7 Rf7 29. Qxd6 Ng3+ 30. Nxg3 Qxg3 31. Qxb6 Kh7 32. e4 Rg7 33. Qf2 Qxd3 34. e5 Qxc4 35. b6 Nd5 36. Rd1 Bb7 37. Kxh2 Nc3 38. Rg1 Bxg2 39. Rxg2 Ne4 40. Rxg7+ Kxg7 41. Qg2+ Kf7 42. Nf2 1-0


[Site "https://www.chess.com"]

[Event "Titled Tuesday Blitz April 19 Late 2022"]
[White "Bashirli, Nail"]
[Black "Shimanov, Aleksandr"]
[WhiteFideId "13406809"]
[BlackFideId "4198603"]
[WhiteElo "2333"]
[BlackElo "2636"]
[Result "1-0"]
[Round "07"]
[TimeControl "180+1"]
[Date "2022.04.19"]
[WhiteClock "0:00:08"]
[BlackClock "0:00:02"]

1. e4 c6 2. Nc3 d5 3. Nf3 Bg4 4. h3 Bxf3 5. Qxf3 e6 6. g3 Nf6 7. Bg2 Bb4 8. O-O Bxc3 9. Qxc3 dxe4 10. b3 O-O 11. Bb2 Nbd7 12. Bxe4 Re8 13. Bg2 Qb6 14. Rfe1 Rad8 15. d3 Qc5 16. Qd2 Nb6 17. Re2 Nbd5 18. Qg5 b6 19. h4 h6 20. Qe5 Qd6 21. a3 Qxe5 22. Bxe5 c5 23. Rae1 Rc8 24. Bf3 h5 25. Kg2 Red8 26. c4 Ne7 27. Bb7 Ng4 28. Bxc8 Rxc8 29. Bc3 Nc6 30. b4 Rd8 31. bxc5 Rxd3 32. Bb4 a5 33. cxb6 axb4 34. axb4 Nxb4 35. Rb2 Nc6 36. Ra1 Nf6 37. Ra8+ Kh7 38. Rc8 Ne5 39. b7 Nfd7 40. Rc7 Nb8 41. Rc8 Ned7 42. Rc7 Kg6 43. Ra2 Rb3 44. Ra5 Kf6 45. Rxh5 Ne5 46. Rc8 Nbd7 47. c5 Rxb7 48. c6 Nxc6 49. Rxc6 Rb2 50. Rc3 Ne5 51. Re3 Ng4 52. Rf3+ Ke7 53. Rg5 Nf6 54. Rxg7 e5 55. h5 e4 56. Rf5 Ke6 57. Rgg5 Nd7 58. Rf4 f6 59. Ra5 f5 60. Raxf5 e3 61. g4 e2 62. Re4+ Kd6 63. Re3 Rd2 64. Rf7 Ne5 65. Rf6+ Kd5 66. Rf5 Kd4 67. Rfxe5 e1=Q 68. Rxe1 1-0


[Site "https://www.chess.com"]

[Event "Titled Tuesday Blitz April 19 Late 2022"]
[White "Bibasa, Bob"]
[Black "Lopez, Henry"]
[WhiteFideId "10000240"]
[BlackFideId "5203830"]
[WhiteElo "2056"]
[BlackElo "2177"]
[Result "0-1"]
[Round "07"]
[TimeControl "180+1"]
[Date "2022.04.19"]
[WhiteClock "0:00:20"]
[BlackClock "0:00:48"]

1. e4 c5 2. Nf3 d6 3. d4 cxd4 4. Nxd4 Nf6 5. f3 e6 6. c4 a6 7. Be3 b6 8. Be2 Bb7 9. Nc3 Nbd7 10. Qd2 Rc8 11. Rc1 Be7 12. O-O O-O 13. b3 Re8 14. g4 h6 15. h4 Nh7 16. h5 Qc7 17. f4 Ndf6 18. Bf3 Nf8 19. g5 hxg5 20. fxg5 N6h7 21. g6 fxg6 22. hxg6 Nf6 23. Qg2 Rb8 24. Qh3 Bc8 25. Kg2 Nxg6 26. Qg3 Ne5 27. Bg5 Rf8 28. Be2 Bd8 29. Rh1 Qf7 30. Rcf1 Qg6 31. Bxf6 Qxg3+ 32. Kxg3 Bxf6 33. Rh5 g6 34. Rh2 Bd7 35. Rhf2 Bg7 36. Rxf8+ Rxf8 37. Rxf8+ Kxf8 38. Nf3 Nxf3 39. Bxf3 Bxc3 40. Kf4 Kf7 41. Bg4 e5+ 42. Kg3 Bxg4 43. Kxg4 Kf6 44. a3 a5 45. Kh4 Bb2 46. a4 Bc1 47. Kg4 Bd2 48. Kh4 Be1+ 49. Kg4 Bf2 50. Kf3 Bd4 51. Kg4 Bc3 52. Kh4 Kg7 53. Kg5 Bd2+ 54. Kg4 Kh6 55. Kh4 g5+ 56. Kg4 Kg6 57. Kf3 Kh5 58. Ke2 Bf4 59. Kf3 Kh4 60. Kg2 Kg4 61. Kf2 Bg3+ 62. Kg2 Kf4 63. Kh3 g4+ 64. Kg2 Be1 0-1


[Site "https://www.chess.com"]

[Event "Titled Tuesday Blitz April 19 Late 2022"]
[White "Bilych, Olexiy"]
[Black "Ibadov, Dashgyn"]
[WhiteFideId "14156504"]
[BlackFideId "24107514"]
[WhiteElo "2176"]
[BlackElo "2138"]
[Result "1-0"]
[Round "07"]
[TimeControl "180+1"]
[Date "2022.04.19"]
[WhiteClock "0:00:25"]
[BlackClock "0:00:03"]

1. e4 c5 2. Nf3 d6 3. d4 cxd4 4. Nxd4 Nf6 5. Nc3 Nc6 6. Bg5 e6 7. Qd3 Be7 8. O-O-O a6 9. Nxc6 bxc6 10. Qg3 Qb6 11. Be3 Qb4 12. a3 Qa5 13. Be2 Rb8 14. Rxd6 Bxd6 15. Qxd6 Nd7 16. Rd1 Qe5 17. Qxc6 O-O 18. f4 Qa5 19. Rxd7 Bxd7 20. Qxd7 Rfd8 21. Qa4 Qc7 22. Qxa6 h6 23. Qc4 Qe7 24. g3 Rdc8 25. Qd4 Qb7 26. b3 Rd8 27. Qa7 Qc6 28. Kb2 Rbc8 29. Qa5 Qd6 30. a4 Qe7 31. e5 Rc6 32. Bb5 Rcc8 33. Qb6 h5 34. a5 Rb8 35. Qc5 Qb7 36. a6 Qg2 37. a7 Rbc8 38. Qb4 Qxh2 39. Ba6 Ra8 40. Bb7 Rxa7 41. Bxa7 Qxg3 42. Ne4 Qg4 43. Qe7 Rf8 44. Bc5 Rb8 45. Nd6 Qxf4 46. Be4 Qxe5+ 47. Kb1 1-0


[Site "https://www.chess.com"]

[Event "Titled Tuesday Blitz April 19 Late 2022"]
[White "Bluebaum, Matthias"]
[Black "Naroditsky, Daniel"]
[WhiteFideId "24651516"]
[BlackFideId "2026961"]
[WhiteElo "2550"]
[BlackElo "2608"]
[Result "1/2-1/2"]
[Round "07"]
[TimeControl "180+1"]
[Date "2022.04.19"]
[WhiteClock "0:00:13"]
[BlackClock "0:00:07"]

1. d4 Nf6 2. c4 g6 3. Nc3 Bg7 4. Nf3 d6 5. Bg5 O-O 6. e3 Bf5 7. Bd3 Bxd3 8. Qxd3 Nc6 9. d5 Nb4 10. Qd2 a5 11. O-O h6 12. Bh4 Nd7 13. e4 Nc5 14. Rae1 g5 15. Bg3 e5 16. h4 Bf6 17. hxg5 hxg5 18. Nh2 Bg7 19. Ng4 f5 20. exf5 Rxf5 21. Re3 Qd7 22. a3 Nba6 23. Qc2 Raf8 24. Re2 a4 25. f3 Nb3 26. Bf2 Nac5 27. Qd1 Rf4 28. Be3 Rxc4 29. Bxg5 e4 30. Nxe4 Nxe4 31. Rxe4 Rxe4 32. fxe4 Rxf1+ 33. Kxf1 Qf7+ 34. Kg1 Qg6 35. Be3 Qxe4 36. Bf2 Bxb2 37. Nh6+ Kh7 38. Nf7 Kg7 39. Ng5 Qf5 40. Ne6+ Kf7 41. Nxc7 Bxa3 42. Nb5 Bb4 43. Qe2 Qxd5 44. Nc7 Qe5 45. Qc4+ d5 46. Qxb4 Qxc7 47. Qxa4 Nd2 48. Qh4 Ke6 49. Qh3+ Ke7 50. Qh7+ Kd8 51. Qg8+ Kd7 52. Qxd5+ Qd6 53. Qxb7+ Ke6 54. Qc8+ Kf6 55. Bh4+ Kf7 56. Qb7+ Ke6 57. Qc8+ Qd7 58. Qg8+ Qf7 59. Qc8+ Qd7 60. Qa6+ Qd6 61. Qe2+ Kd7 62. Bf2 Qd5 63. Qg4+ Kd6 64. Qe2 Kc6 65. g4 Ne4 66. Qf3 Kd6 67. Kg2 Nxf2 68. Qxd5+ Kxd5 69. Kxf2 Ke6 70. Kg3 Kf6 71. Kh4 Kg6 72. g5 Kg7 73. Kh5 Kh7 74. g6+ Kg7 75. Kg5 Kg8 76. Kf6 Kf8 77. Kf5 Kg7 78. Kg5 Kg8 79. Kf6 Kf8 80. g7+ Kg8 81. Kg6 1/2-1/2


[Site "https://www.chess.com"]